Map: Thunderbird LE

Players

Mez

  • Race: Zerg Zerg
  • League: Master
  • Spawn Location: 5:00

LaCucaracha - Winner!

  • Race: Zerg Zerg
  • League: Diamond
  • Spawn Location: 11:00

VOD

Have the link to the VOD?

Description

Time

  • Played on: Aug. 13, 2019, 8:54 a.m.
  • Length: 10:12
Show
View Real Time Build Order
Export as new Build Order

Mez Zerg 

Build Orders: Pool First 

Get SALT Encoding   

  12  0:01  Drone  
  13  0:09  Drone  
  14  0:17  Overlord  
  14  0:35  Drone x3  
  17  0:49  Spawning Pool  
  16  0:51  Drone  
  17  0:57  Extractor  
  17  0:59  Drone  
  17  1:12  Drone  
  18  1:20  Hatchery  
  17  1:35  Zergling x2  
  17  1:36  Zergling x2  
  17  1:39  Queen  
  21  1:41  Drone  
  22  1:51  Overlord  
  22  2:09  Drone  
  23  2:17  Queen  
  23  2:21  Metabolic Boost  
  25  2:28  Drone x2  
  27  2:32  Overlord  
  27  2:53  Drone  
  27  2:54  Drone x6  
  32  3:03  Drone  
  33  3:10  Drone  
  34  3:17  Overlord x2  
  34  3:29  Drone  
  35  3:38  Zergling x10  
  40  3:46  Zergling x4  
  40  3:48  Zergling x4  
  44  3:49  Zergling x2  
  44  3:51  Zergling x2  
  45  4:10  Zergling x12  
  45  4:15  Baneling Nest  
  50  4:19  Zergling x6  
  51  4:28  Zergling x2  
  52  4:36  Overlord x3  
  52  4:52  Overlord x2  
  52  5:01  Queen  
  52  5:04  Zergling x10  
  61  5:07  Hatchery  
  58  5:33  Drone x8  
  55  5:47  Baneling x6  
  54  5:58  Zergling x2  
  54  5:59  Zergling x8  
  55  6:18  Drone x6  
  61  6:19  Extractor  
  61  6:20  Hatchery  
  61  6:22  Extractor  
  61  6:23  Extractor  
  57  6:28  Lair  
  57  6:47  Hatchery  
  57  6:51  Drone x7  
  63  7:10  Drone x8, Hatchery  
  70  7:27  Queen  
  70  7:29  Centrifical Hooks  
  72  7:33  Evolution Chamber  
  72  7:35  Evolution Chamber  
  72  7:36  Roach Warren  
  69  7:46  Drone x5  
  69  7:47  Drone x6  
  69  7:57  Zergling x12  
  73  8:04  Zerg Ground Armor Level 1, Zerg Missile Weapons Level 1  
  73  8:06  Zergling x8  
  73  8:07  Zergling x4  
  71  8:30  Roach x9  
  71  8:34  Spore Crawler  
  88  8:37  Spore Crawler x2  
  88  8:39  Spore Crawler  
  85  8:41  Spore Crawler  
  85  8:43  Spore Crawler  
  85  8:45  Spore Crawler x2  
  80  8:57  Hatchery  
  77  9:13  Hydralisk Den  
  67  9:25  Roach  
  67  9:26  Roach x3  
  63  9:46  Hydralisk x5  
  63  9:48  Overlord x3  
Show
View Real Time Build Order
Export as new Build Order

LaCucaracha Zerg - Winner!

Build Orders: Hatch First 

Get SALT Encoding   

  12  0:00  Drone  
  13  0:12  Overlord  
  13  0:16  Drone  
  14  0:32  Drone x2  
  16  0:48  Hatchery  
  15  0:51  Drone  
  15  0:55  Drone  
  17  0:58  Drone  
  18  1:09  Extractor  
  17  1:13  Spawning Pool  
  17  1:15  Drone  
  17  1:19  Drone  
  18  1:29  Drone  
  19  1:39  Drone  
  20  1:49  Drone  
  21  2:00  Drone  
  23  2:01  Drone  
  23  2:04  Hatchery, Queen  
  24  2:13  Queen  
  26  2:24  Overlord  
  26  2:28  Drone x2  
  27  2:38  Metabolic Boost  
  25  2:54  Overlord  
  25  2:56  Drone x5  
  28  3:08  Zergling x2  
  28  3:09  Zergling x2  
  30  3:18  Zergling x10  
  30  3:19  Queen  
  37  3:33  Zergling x6  
  37  3:34  Zergling x6  
  43  3:59  Drone x7  
  50  4:13  Overlord  
  50  4:19  Baneling Nest  
  49  4:24  Overlord  
  49  4:28  Drone  
  49  4:29  Overlord  
  49  4:30  Spine Crawler  
  48  4:33  Drone x8  
  48  4:35  Zergling x2  
  48  4:36  Zergling x2  
  58  4:45  Zergling x10  
  62  4:54  Zergling x2  
  62  4:55  Zergling x4  
  65  5:03  Lair  
  65  5:06  Baneling, Extractor  
  64  5:07  Baneling  
  64  5:10  Overlord  
  64  5:16  Drone  
  64  5:17  Drone x5  
  70  5:26  Baneling x2  
  70  5:28  Drone x4  
  66  5:49  Extractor  
  65  5:50  Extractor  
  65  5:53  Baneling  
  65  5:54  Baneling  
  65  5:55  Drone x2  
  65  5:56  Drone x8  
  64  6:06  Overlord  
  62  6:13  Zergling x2  
  62  6:14  Zergling x4  
  65  6:25  Spine Crawler  
  64  6:26  Overlord  
  64  6:28  Spine Crawler  
  64  6:29  Drone x2  
  64  6:30  Drone x6  
  64  6:32  Extractor x2  
  69  6:38  Hatchery  
  69  6:39  Spire, Overlord  
  67  6:45  Drone  
  67  6:46  Drone x2  
  70  6:47  Hatchery  
  69  7:03  Drone  
  69  7:04  Drone x2  
  69  7:06  Drone x2  
  69  7:07  Drone x2  
  76  7:09  Drone  
  76  7:10  Drone x2  
  76  7:11  Zergling x2  
  76  7:12  Zergling x6  
  83  7:18  Zergling x8  
  83  7:19  Hatchery  
  86  7:28  Queen  
  88  7:30  Queen  
  88  7:36  Overlord  
  88  7:37  Extractor  
  89  7:41  Extractor  
  86  7:46  Overlord  
  85  7:52  Overlord  
  85  7:53  Mutalisk x10  
  85  7:57  Zerg Flyer Weapons Level 1  
  105  8:07  Mutalisk  
  105  8:08  Mutalisk x3  
  105  8:10  Overlord  
  105  8:11  Drone x7  
  111  8:27  Mutalisk x3  
  111  8:29  Zergling x2  
  111  8:30  Zergling x20  
  128  8:37  Queen  
  130  8:45  Mutalisk x4  
  136  8:56  Extractor x2  
  136  8:57  Overlord, Mutalisk  
  136  8:58  Mutalisk x2  
  136  9:00  Zergling x22  
  151  9:08  Drone x3  
  151  9:09  Drone x2  
  156  9:11  Overlord x2  
  147  9:35  Mutalisk x8  
Tags
 
Add a new tag
Caveats
  • Supply blocks, unpowered buildings, or Contaminate may cause inaccurate times.
  • Supply counts are checked every 10 seconds.